 Dungeon Crawl Stone Soup version 0.31.0-11-ge490571c62 (webtiles) character file.

Game seed: 13548413250866778625

2832 hawla the Severer (level 9, -8/70 HPs)
             Began as a Minotaur Fighter on Feb 2, 2024.
             Killed from afar by Erica (23 damage)
             ... with a bolt of poison
             ... on level 9 of the Dungeon.
             The game lasted 00:13:21 (7076 turns).

hawla the Severer (Minotaur Fighter)                Turns: 7076, Time: 00:13:22

Health: -8/70      AC: 15    Str: 26    XL:     9   Next: 45%
Magic:  17/17      EV:  4    Int:  8    God:
Gold:   87         SH:  5    Dex: 15    Spells: 8/8 levels left

rFire   x . .        F - +0 battleaxe
rCold   . . .        (shield currently unavailable)
rNeg    . . .        n - +1 plate armour
rPois   .            G - +2 hat {Int+3}
rElec   .            (no cloak)
rCorr   .            b - +0 pair of gloves
SInv    .            (no boots)
Will    .....        o - amulet of reflection Stlth
                     g - ring of magical power
HPRegen 0.31/turn    k - +6 ring of dexterity
MPRegen 0.15/turn

%: reflection
@: lethally poisoned (-8 -> -35), constricted
A: horns 2, retaliatory headbutt, talons 1, heat vulnerability 1
a: no special abilities


You were on level 9 of the Dungeon.
You visited 1 branch of the dungeon, and saw 9 of its levels.
You also visited: Ossuary.

You collected 342 gold pieces.
You spent 255 gold pieces at shops.

Inventory:

Hand Weapons
 F - a +0 battleaxe (weapon)
Missiles
 l - 39 poisoned darts (quivered)
 B - 2 atropa-tipped darts
Armour
 b - a +0 pair of gloves (worn)
 c - a +0 buckler
 n - a +1 plate armour (worn)
 G - a +2 hat of intelligence (worn)
Jewellery
 g - a ring of magical power (left hand)
 k - a +6 ring of dexterity (right hand)
 o - an amulet of reflection (around neck)
 D - a ring of positive energy
Wands
 y - a wand of digging (5)
 A - a wand of mindburst (6)
Scrolls
 e - a scroll of revelation
 i - 5 scrolls of fear
 p - 4 scrolls of noise
 s - 3 scrolls of teleportation
 u - a scroll of amnesia
 v - 2 scrolls of blinking
 C - a scroll of immolation
 E - a scroll of vulnerability {unknown}
 H - 2 scrolls of silence {unknown}
Potions
 d - 2 potions of might
 f - 4 potions of curing
 h - a potion of brilliance
 j - a potion of invisibility
 m - a potion of heal wounds
 q - a potion of haste
 r - a potion of berserk rage
 t - a potion of cancellation {unknown}
 w - a potion of enlightenment {unknown}
 z - a potion of resistance {unknown}


   Skills:
 - Level 3.6 Fighting
 + Level 15.4 Axes
 - Level 3.6 Armour
 - Level 3.6 Shields


You had 8 spell levels left.
You didn't know any spells.
Your spell library was empty.

Dungeon Overview and Level Annotations

Branches:
Dungeon (9/15)             Temple (0/1) D:4         Ossuary (visited)
   Lair: D:8-11         Orc: D:9-12

Altars:
Gozag
Ru
Sif Muna

Shops:
D:2 :   D:4 *   D:7 *   D:8 [

Annotations:
D:9 Erica


Innate Abilities, Weirdness & Mutations

You have a pair of horns on your head.
You reflexively headbutt those who attack you in melee.
You have sharp toenails.
You are vulnerable to heat. (rF-)


Message History

Deactivating autopickup; reactivate with Ctrl-A.
You hit the centaur. Your headbutt misses the centaur.
The centaur is moderately wounded.
The centaur hits you. The centaur barely misses you.
You slash the centaur! You claw the centaur. You headbutt the centaur.
You kill the centaur!
No target in view!
No target in view!
Unknown command.
There is a strange disturbance nearby!
There is a strange disturbance nearby!
There is a strange disturbance nearby!
No target in view!
No target in view!
You see here a +0 shortbow.
You closely miss something. Your headbutt misses something. Something hits you!
Something burns you. Something grabs you.
You are constricted.
You miss something. Your kick misses something. Something hits you!!
Something burns you.
You are constricted.
You barely miss something. Your kick misses something.
Your headbutt misses something. Something hits you. Something burns you.
You are constricted.
You completely miss something. Your kick misses something. Something hits you!
* * * LOW HITPOINT WARNING * * *
Something burns you.
* * * LOW HITPOINT WARNING * * *
You are constricted.
You feel much better.
You hear some strange, mumbled words.
A bolt of poison appears from out of thin air!
The bolt of poison hits you!!
You are poisoned.
* * * LOW HITPOINT WARNING * * *
You are constricted.
You feel better.
You hear some strange, mumbled words.
A bolt of poison appears from out of thin air!
The bolt of poison hits you!!
You are lethally poisoned!
You die...

#.. ....... ###
.## ......#. ##..
...... ######...
...... ##..#.....
#....# #.........
#....##
##........# #...##
###.......###
#.{.###..........#
#@.)............#
####...###.....##
##### #######


There were no monsters in sight!

Vanquished Creatures
  A sky beast (D:4)
  2 orc warriors (D:8)
  3 ice beasts (D:7)
  2 ogres
  A centaur (D:9)
  2 phantoms (D:4)
  2 kobold brigands
  A gnoll sergeant (D:8)
  3 bullfrogs (D:6)
  7 wights
  4 howler monkeys (D:7)
  A spectral scorpion (Ossuary)
  3 bombardier beetles (D:5)
  A gnoll bouda (D:7)
  A hound (D:7)
  A jelly (D:6)
  5 orc priests
  7 orc wizards
  A crocodile zombie (Ossuary)
  10 mummies
  6 adders
  10 gnolls
  3 white imps
  2 dart slugs
  A ribbon worm (D:2)
  19 orcs
  6 endoplasms
  3 giant cockroaches
  3 goblins
  7 hobgoblins
  4 jackals (D:2)
  5 quokkas
  7 ball pythons
  8 bats
  6 frilled lizards
  2 gnoll skeletons (Ossuary)
  13 kobolds
  3 kobold skeletons (Ossuary)
  3 orc skeletons (Ossuary)
  4 rats
  10 spectral rats (Ossuary)
183 creatures vanquished.

Notes
Turn   | Place    | Note
-------+----------+-------------------------------------------
     0 | D:1      | hawla the Minotaur Fighter began the quest for the Orb.
     0 | D:1      | Reached XP level 1. HP: 19/19 MP: 0/0
   156 | D:1      | Reached skill level 3 in Axes
   159 | D:1      | Reached XP level 2. HP: 19/26 MP: 1/1
   685 | D:1      | Reached skill level 4 in Axes
  1277 | D:2      | Reached XP level 3. HP: 31/31 MP: 2/2
  1558 | D:2      | Found Bydum's Book Shop.
  1685 | D:2      | Found a faded altar of an unknown god.
  1707 | D:2      | Reached skill level 5 in Axes
  1955 | D:3      | Reached XP level 4. HP: 39/39 MP: 3/3
  2379 | D:4      | Reached skill level 6 in Axes
  2433 | D:4      | Reached XP level 5. HP: 45/45 MP: 4/4
  2473 | D:4      | Noticed a phantom
  2484 | D:4      | Killed a phantom
  2485 | D:4      | Reached skill level 7 in Axes
  2593 | D:4      | Found a staircase to the Ecumenical Temple.
  2682 | D:4      | Reached XP level 6. HP: 51/51 MP: 5/5
  2698 | D:4      | Noticed a sky beast
  2707 | D:4      | Killed a sky beast
  2708 | D:4      | Reached skill level 8 in Axes
  2735 | D:4      | Found Pailid's General Store.
  2737 | D:4      | Found Zasoruod's Specific Store.
  2743 | D:4      | Bought a scroll of identify for 24 gold pieces
  2743 | D:4      | Bought 6 poisoned darts for 43 gold pieces
  2743 | D:4      | Bought a potion of degeneration for 12 gold pieces
  2766 | D:4      | Gained mutation: You are vulnerable to heat. (rF-) [potion
                  | of mutation]
  2766 | D:4      | Gained mutation: You have sharp toenails. [potion of
                  | mutation]
  2770 | D:4      | Bought a scroll of identify for 22 gold pieces
  3131 | D:5      | Entered Level 5 of the Dungeon
  3151 | D:5      | Reached skill level 9 in Axes
  3169 | D:5      | Reached XP level 7. HP: 14/57 MP: 6/6
  3184 | D:5      | Found a sand-covered staircase.
  3282 | Ossuary  | Entered an ossuary
  3572 | Ossuary  | Reached skill level 10 in Axes
  4023 | D:5      | Reached skill level 11 in Axes
  4260 | D:5      | You fall into a shaft and drop 1 floor!
  4310 | D:6      | Reached XP level 8. HP: 62/64 MP: 7/7
  4596 | D:6      | Reached skill level 12 in Axes
  5171 | D:7      | Reached skill level 13 in Axes
  5315 | D:7      | Found a sacrificial altar of Ru.
  5349 | D:7      | Found Peehicwo's General Store.
  5682 | D:6      | Reached XP level 9. HP: 66/68 MP: 8/8
  5698 | D:6      | Reached skill level 14 in Axes
  6144 | D:8      | Found Duqi Xaps's Antique Armour Shop.
  6395 | D:8      | Reached skill level 15 in Axes
  6432 | D:8      | Bought a glowing hat for 154 gold pieces
  6647 | D:8      | Found a shimmering blue altar of Sif Muna.
  6676 | D:8      | Found an opulent altar of Gozag.
  7064 | D:9      | Noticed Erica
  7076 | D:9      | Killed from afar by Erica

Illustrated notes

Levels and vault maps discovered:
D:1:      minmay_arrival_split_and_join, layout_loops_corners, minmay_bisected
D:2:      layout_loops_ring, basic_ecumenical_altar, serial_shops,
          nicolae_book_shop_shelving
D:3:      layout_rooms, minmay_diced_spiral
D:4:      layout_loops_ring, minmay_temple_entry_ruins, nicolae_specific_store
D:5:      layout_basic, gup_ossuary_entry_pyramid
D:6:      layout_gridville
D:7:      layout_basic, nicolae_ru_great_annihilating_truth, serial_shops, shop
D:8:      layout_basic, mainiacjoe_overflow_swirl, nicolae_stop_n_shop_1
D:9:      layout_cave_pods, uniq_erica

Skill      XL: |  1  2  3  4  5  6  7  8  9 |
---------------+----------------------------+-----
Axes           | 3 4 5 6 7 9 11 13 15 | 15.4
Fighting       | |  3.6
Armour         | |  3.6
Shields        | |  3.6

Action                     |  1- 3 |  4- 6 |  7- 9 || total
---------------------------+-------+-------+-------++-------
  Melee: War axe           |    78 |    99 |   239 ||   416
         Headbutt          |     4 |    15 |    49 ||    68
         Kick              |       |     8 |    65 ||    73
         Battleaxe         |       |       |    18 ||    18
  Evoke: Wand              |       |       |     5 ||     5
    Use: Scroll            |     8 |     4 |     7 ||    19
         Potion            |       |     1 |     5 ||     6
   Stab: Distracted        |       |       |     1 ||     1
         Paralysed         |       |       |     1 ||     1
 Armour: Scale mail        |    11 |       |       ||    11
         Plate armour      |    42 |    66 |   138 ||   246
  Dodge: Dodged            |    21 |    16 |    37 ||    74
  Block: Buckler           |    17 |    18 |   105 ||   140
         Reflection        |       |       |     3 ||     3
         Other             |       |       |     4 ||     4
